[Event "*** Titled Tuesday Blitz"]
[Site "Chess.com"]
[Date "2019.12.03"]
[Round "3"]
[White "Godzillator"]
[Black "IMRosen"]
[Result "0-1"]
[WhiteElo "2357"]
[BlackElo "2603"]
[TimeControl "180+2"]
[EndTime "13:39:59 PST"]
[Termination "IMRosen won by resignation"]

1. d4 d5 2. c4 e6 3. cxd5 exd5 4. Nc3 Nf6 5. Bg5 c6 6. Qc2 Bd6 7. e3 O-O 8. Bd3 h6 9. Bh4 Re8 10. Nf3 a5 11. Bg3 Na6 12. a3 Nc7 13. O-O Ne6 14.
Bxd6 Qxd6 15. Ne5 c5 16. Nxf7 Kxf7 17. Bg6+ Kg8 18. Bxe8 Nxe8 19. dxc5 Nxc5 20. Rad1 Nf6 21.
b4 axb4 22. axb4 Ne6 23. Qb3 Nc7 24. h3 Be6 25. Rd4 Rd8 26. Rc1 Qe5 27. Qa3 Ra8 28.
Qb3 Kh8 29. Qd1 Rf8 30. b5 Qg5 31. h4 Qf5 32. b6 Nce8 33. Rf4 Qe5 34. Nb5 Nd6 35.
Nxd6 Qxd6 36. Qd4 Ra8 37. g3 Nd7 38. Rc7 Qxb6 39. Qxb6 Nxb6 40. Rxb7 Nc4 41. Re7 Bg8 42. Rg4 Nd6 43. Rgxg7 Nf5 44. Ra7 Rb8 45. Rgb7 Re8 46.
Rd7 Rc8 47. Rdc7 Re8 48. Rd7 Rf8 49. Rdc7 d4 50. e4 Nd6 51. Rd7 Nxe4 52. Rxd4 Nxf2 53. Rd6 Ng4 54. Rg6 Nf6 55. Rxh6+ Nh7 56. g4 Rf4 57.
Rg6 Bf7 58. Rxf7 Rxf7 59. g5 Rf4 60. h5 Rh4 61. h6 Rh5 62. Rg7 Nxg5 63. Kg2 Ne6 64.
Rg6 Nf4+ 65. Kg3 Nxg6 0-1

[Event "*** Titled Tuesday Blitz"]
[Site "Chess.com"]
[Date "2019.12.03"]
[Round "3"]
[White "biostatistician"]
[Black "TigranLPetrosyan"]
[Result "0-1"]
[WhiteElo "2634"]
[BlackElo "2890"]
[TimeControl "180+2"]
[EndTime "13:40:00 PST"]
[Termination "TigranLPetrosyan won on time"]

1. d4 d5 2. Nf3 c6 3. c4 Nf6 4. cxd5 cxd5 5. Nc3 Nc6 6. Bf4 a6 7. Rc1 Bg4 8. Ne5 Rc8 9. Nxg4 Nxg4 10. e3 Nf6 11. Bd3 e6 12. O-O Bd6 13. Bxd6 Qxd6 14. Na4 Nd7 15. Nc5 Nxc5 16. Rxc5 O-O 17. a3 Ne7 18.
Qc2 g6 19. Rc1 Rxc5 20. Qxc5 Qxc5 21. Rxc5 Rc8 22. b4 Kf8 23. f4 Ke8 24. Kf2 Kd7 25. g4 f5 26. g5 Rh8 27. h4 h6 28. Kg2 hxg5 29. hxg5 Nc8 30. a4 Nd6 31. a5 Ne4 32. Rc2 Nd6 33. Rc1 Rc8 34. Rxc8 Kxc8 35. Kf3 Kc7 36.
Ke2 Kc6 37. Kd2 Nc4+ 38. Bxc4 dxc4 39. Kc2 b5 40. axb6 Kxb6 41. Kc3 Kb5 42. e4 fxe4 43. d5 exd5 44. f5 e3 45. fxg6 d4+ 46. Kxd4 e2 47.
g7 e1=Q 48. g8=Q Qd2+ 49. Ke4 c3 50. Qb8+ Kc4 51. g6 Qc2+ 52. Ke3 Qxg6 53. Qc8+ Kb3 54. Qc5 c2 55. Qd5+ Kb2 56. Qd4+ Kb1 0-1

[Event "*** Titled Tuesday Blitz"]
[Site "Chess.com"]
[Date "2019.12.03"]
[Round "3"]
[White "scrapnel"]
[Black "Marcin"]
[Result "1-0"]
[WhiteElo "2706"]
[BlackElo "2361"]
[TimeControl "180+2"]
[EndTime "13:40:00 PST"]
[Termination "scrapnel won by resignation"]

1. Nf3 Nf6 2. c4 g6 3. g3 Bg7 4. Bg2 O-O 5. O-O d5 6. cxd5 Nxd5 7. Nc3 Nb6 8. d3 e5 9. Bg5 f6 10. Be3 Be6 11. b4 Nc6 12. b5 Nd4 13. Bxd4 exd4 14. Ne4 f5 15. Nc5 Bd5 16. a4 Nd7 17. Nb3 c5 18. bxc6 bxc6 19. Nfxd4 Bxg2 20. Kxg2 Qb6 21. a5 Qb4 22. Rc1 Bxd4 23. Rc4 Qb7 24. Nxd4 Ne5 25.
Rc5 Nd7 26. Rc1 c5+ 27. Nf3 Rac8 28. Rb1 Qc6 29. Qb3+ Kg7 30. Qb7 Rf7 31. Qxc6 Rxc6 32. Rfc1 Ra6 33. Rb5 Kf6 34. Nd2 Re7 35. Kf1 Rae6 36.
e3 Ne5 37. Ke2 Rd7 38. Rc3 Red6 39. Rbxc5 Nxd3 40. Rc6 Nb4 41. Rxd6+ Rxd6 42. Rc4 Nd5 43. Nb3 Ke5 44. Nd4 Nf6 45. Rc5+ Rd5 46. Nc6+ Kd6 47.
Rxd5+ Kxd5 48. Nxa7 Kc5 49. Kf3 Kb4 50. Nc6+ Kb5 51.
Ne7 Kxa5 52. Kf4 Kb6 53. f3 Kc7 54. Kg5 Nd7 55. Kh6 Ne5 56. f4 Ng4+ 57. Kxh7 Nxh2 58. Kxg6 Nf1 59. Nxf5 Kd7 60. g4 Ke6 61. g5 Nh2 62.
Ng7+ Ke7 63. f5 Ng4 64. f6+ Kf8 65. Nf5 Ne5+ 66. Kh5 Kf7 67. Nh6+ Kf8 68. g6 Nf7 69. g7+ 1-0

[Event "*** Titled Tuesday Blitz"]
[Site "Chess.com"]
[Date "2019.12.03"]
[Round "3"]
[White "Winehouse83"]
[Black "bascheyaro"]
[Result "0-1"]
[WhiteElo "2542"]
[BlackElo "2763"]
[TimeControl "180+2"]
[EndTime "13:40:09 PST"]
[Termination "bascheyaro won by resignation"]

1. d4 Nf6 2. c4 e6 3. Nf3 d5 4. Nc3 Be7 5. cxd5 exd5 6. Bg5 c6 7. e3 Bf5 8. Bd3 Bxd3 9. Qxd3 O-O 10. O-O Nbd7 11.
Rab1 Ne4 12. Bf4 f5 13. Ne5 Ndf6 14. f3 Nd6 15. h3 Nh5 16. Bh2 Bh4 17. g4 fxg4 18.
hxg4 Nf6 19. Kg2 Nf7 20. Nxf7 Rxf7 21. Bf4 g5 22. Be5 Qd7 23. Qf5 Re8 24. Qxd7 Nxd7 25. f4 gxf4 26. exf4 Bd8 27. Rbe1 Bb6 28. f5 Rfe7 29. f6 Nxf6 30. Rxf6 Bxd4 31. Bxd4 Rxe1 32.
Bxa7 R1e6 33. Rf4 Rg6 34. Kf3 Rf8 35. Rxf8+ Kxf8 36. Bd4 Ke7 37. Ne2 Re6 38. Be3 Re4 39. Ng3 Ra4 40. a3 Kf6 41. Ne2 Rc4 42. Bd4+ Kg5 43. Be3+ Kg6 44. Nf4+ Kf7 45. Nd3 Rc2 46.
Bd4 Kg6 47. Nf4+ Kf7 48. Nd3 Rh2 49. Ne5+ Ke6 50. Kf4 Rd2 51. Nf3 Rd1 52. Ng5+ Kd7 53. Be5 Rh1 54. Kf5 h5 55. gxh5 Rxh5 56. Kf4 c5 57. b4 b6 58. Kf5 Kc6 59. Kg4 Rh1 60.
Nh3 Rb1 61. Kf3 Rb3+ 62. Kg2 Rxa3 63. bxc5 bxc5 64. Nf4 Re3 65. Bb2 d4 66. Kf2 Rb3 67.
Bc1 c4 68. Ne2 Kd5 69. Ke1 Ke4 70. Ng3+ Rxg3 0-1

[Event "*** Titled Tuesday Blitz"]
[Site "Chess.com"]
[Date "2019.12.03"]
[Round "3"]
[White "MateSchmate"]
[Black "DeviatkinAndrey"]
[Result "0-1"]
[WhiteElo "2311"]
[BlackElo "2671"]
[TimeControl "180+2"]
[EndTime "13:40:15 PST"]
[Termination "DeviatkinAndrey won by checkmate"]

1. e4 c6 2. Bc4 d5 3. Bb3 dxe4 4. Qh5 g6 5. Qh4 Nf6 6. Nc3 Bg7 7. Nxe4 Nxe4 8. Qxe4 Nd7 9. Nf3 Nc5 10. Qe3 Nxb3 11.
axb3 b6 12. d4 O-O 13. O-O Bb7 14. c4 e6 15. Bd2 Qc7 16. Bc3 a5 17. Ne5 b5 18.
Rfd1 b4 19. Be1 c5 20. f4 cxd4 21. Rxd4 Rfd8 22. Rad1 Rxd4 23. Rxd4 Rd8 24. Bf2 h5 25. h4 Bf6 26. Rxd8+ Qxd8 27. Qd4 Bxh4 28. Qxd8+ Bxd8 29. c5 Bd5 30. Nc4 a4 31. Nb6 Bxb3 32. c6 a3 33.
bxa3 bxa3 34. Na8 a2 35. Bd4 f6 36. c7 Bxc7 37. Nxc7 Kf7 38. Kf2 g5 39. fxg5 fxg5 40.
Na6 h4 41. Nc5 Bd5 42. Nd3 Kg6 43. Nb4 Kf5 44. Bb2 g4 45. Nc2 Ke4 46. Ne3 Kf4 47. Nc2 h3 48. gxh3 gxh3 49. Nd4 h2 50. Ne2+ Kg4 51.
Ng3 Kh3 52. Be5 Kg4 53. Bb2 Kf4 54. Ba1 e5 55. Bb2 Bf3 56. Bc1+ Kg4 57. Bb2 e4 58.
Be5 Kh3 59. Bb2 e3+ 60. Kxf3 e2 61. Nxe2 h1=Q+ 62. Ke3 Qb1 63. Nf4+ Kg4 64. Be5 a1=Q 65. Bxa1 Qxa1 66. Kd2 Kxf4 67. Kc2 Ke3 68. Kb3 Kd4 69. Kc2 Qa2+ 70. Kd1 Kd3 71. Ke1 Qe2# 0-1

[Event "*** Titled Tuesday Blitz"]
[Site "Chess.com"]
[Date "2019.12.03"]
[Round "3"]
[White "Vugar_Manafov"]
[Black "IMTominho"]
[Result "0-1"]
[WhiteElo "2530"]
[BlackElo "2718"]
[TimeControl "180+2"]
[EndTime "13:40:20 PST"]
[Termination "IMTominho won by resignation"]

1. Nf3 d5 2. g3 Nf6 3. Bg2 Bf5 4. d3 e6 5. Nh4 Bg4 6. h3 Bh5 7. g4 Bg6 8. e3 c5 9. Nd2 Nc6 10. f4 Bd6 11. O-O Qc7 12. Qe2 Be7 13. a3 Nd7 14. Nxg6 hxg6 15. Rb1 Nf6 16. c3 Bd6 17. b4 O-O 18. h4 Rae8 19. Kh1 e5 20. bxc5 Bxc5 21. f5 e4 22. d4 Be7 23. c4 Qg3 24. Qe1 Qxg4 25.
cxd5 Bd6 26. dxc6 Bg3 27. Rf4 Bxf4 28. exf4 bxc6 29. Nf1 Qxf5 30. Ng3 Qg4 31. Ne2 e3 32. Rb3 Nd5 33. Qf1 Qxh4+ 34. Kg1 Rb8 35. Rd3 Rb1 36.
Bxd5 cxd5 37. Rxe3 Rc8 38. Kg2 Qg4+ 39. Kf2 Qh4+ 40.
Kg2 Ra1 41. Qf2 Qg4+ 42. Qg3 Qf5 43. Qg5 Qc2 44. Kf3 Rxc1 45. Nxc1 Qxc1 46. Qg2 Qd1+ 47. Kg3 Qxd4 48. Rf3 Rc3 49. Qe2 Rxf3+ 50. Qxf3 Qe4 51. Qb3 d4 52. Qb8+ Kh7 53. Qc8 Qe3+ 54. Kg2 d3 55.
Qd8 Qe2+ 56. Kg3 Qe1+ 57. Kg2 d2 58. Qd7 d1=Q 59. Qh3+ Qh5 0-1

[Event "*** Titled Tuesday Blitz"]
[Site "Chess.com"]
[Date "2019.12.03"]
[Round "3"]
[White "Sanan_Sjugirov"]
[Black "wnstop"]
[Result "1/2-1/2"]
[WhiteElo "2905"]
[BlackElo "2672"]
[TimeControl "180+2"]
[EndTime "13:40:21 PST"]
[Termination "Game drawn by repetition"]

1. d4 Nf6 2. c4 g6 3. Nc3 Bg7 4.
e4 d6 5. f3 O-O 6. Nge2 Nc6 7.
Be3 a6 8. Qd2 Na5 9. Ng3 b5 10. h4 h5 11. Bh6 e5 12. Bxg7 Kxg7 13.
O-O-O b4 14. Nd5 c5 15. dxe5 dxe5 16. Qg5 Nxd5 17. Qxe5+ Qf6 18. Rxd5 Qxe5 19. Rxe5 Nb7 20. Re7 Rb8 21. Be2 Be6 22. Rd1 Na5 23. Rc7 Rfc8 24. Rxc8 Rxc8 25. b3 Nc6 26. Rd6 Kf6 27. f4 Ke7 28. e5 a5 29. Ne4 Nd4 30. Bd1 a4 31. Ra6 axb3 32. axb3 Bg4 33. Ra7+ Kf8 34. Nd6 Rd8 35.
Bxg4 hxg4 36. Kb2 Kg8 37. Rc7 Ne6 38. Ra7 Nxf4 39. g3 Nd3+ 40. Kc2 Nxe5 41. Ne4 Nc6 42. Rc7 Nd4+ 43. Kb2 Ne6 44. Ra7 Rd4 45. Nf6+ Kg7 46. Ne8+ Kf8 47. Nf6 Rd2+ 48. Kc1 Rd3 49. Nxg4 Rc3+ 50.
Kd2 Nd4 51. Ne5 Nf3+ 52. Nxf3 Rxf3 53. g4 Rxb3 54. Rc7 Rg3 55. g5 Rg4 56. Rxc5 Rxh4 57. Kd3 Rh3+ 58. Kd4 Ke7 59. Rc7+ Ke6 60. Rb7 Rh4+ 61.
Kc5 Rg4 62. Rb6+ Ke7 63. Rb7+ Ke6 64. Rb6+ Ke7 65. Rb7+ Ke6 1/2-1/2

[Event "*** Titled Tuesday Blitz"]
[Site "Chess.com"]
[Date "2019.12.03"]
[Round "3"]
[White "maciek_92"]
[Black "Filip_Covic"]
[Result "1-0"]
[WhiteElo "2773"]
[BlackElo "2451"]
[TimeControl "180+2"]
[EndTime "13:40:22 PST"]
[Termination "maciek_92 won on time"]

1. e4 e6 2. d4 d5 3. Nd2 Nc6 4.
Ngf3 Nf6 5. e5 Nd7 6. Bd3 Nb4 7.
Be2 c5 8. c3 Nc6 9. Bd3 g5 10.
Nb3 c4 11. Nxg5 Qe7 12. Be2 cxb3 13. Bh5 Nd8 14. axb3 h6 15. Nf3 Nb6 16. O-O Rg8 17.
Qd3 Bg7 18. Qh7 Qf8 19. Be3 Bd7 20. Rfc1 Bb5 21. Nd2 a6 22. c4 dxc4 23. bxc4 Bc6 24. d5 Nxd5 25. cxd5 Bxd5 26. Bc5 Rh8 27. Qd3 Qg8 28.
Bf3 Qh7 29. Be4 Bxe4 30. Nxe4 Bxe5 31. Bd6 f5 32. Bxe5 fxe4 33. Qd6 Rf8 34. Rc7 Rf7 35. Rac1 Rd7 36. Qb6 e3 37. Qxe3 Rxc7 38. Rxc7 Qb1+ 39. Rc1 Qh7 40. Bf6 Qg6 41. Bh4 Nc6 42. h3 Qf5 43. Qxh6 Kf7 44. Rd1 Rg8 45. Rd7+ Ke8 46. Rg7 Rxg7 47.
Qxg7 Qb1+ 48. Kh2 Qf5 49. Qxb7 Qe5+ 50. Bg3 Qb5 51. Qxb5 axb5 52. Bf4 Na5 53. Be5 Nc4 54. Bc3 Kf7 55. g4 Nd6 56. f3 Nc4 57. Kg3 b4 58.
Bxb4 Nxb2 59. Bc3 Nd3 60. f4 Nc5 61. Kf3 Kg6 62. h4 Nd3 63. h5+ Kh6 64. Bd4 Ne1+ 65.
Ke4 Ng2 66. Bf2 e5 67. Kxe5 1-0

[Event "*** Titled Tuesday Blitz"]
[Site "Chess.com"]
[Date "2019.12.03"]
[Round "3"]
[White "LawrenceTrent"]
[Black "marianokar"]
[Result "1-0"]
[WhiteElo "2667"]
[BlackElo "2408"]
[TimeControl "180+2"]
[EndTime "13:40:30 PST"]
[Termination "LawrenceTrent won by resignation"]

1. e4 e5 2. Nf3 Nc6 3. Bc4 Bc5 4. c3 Nf6 5. d4 exd4 6. e5 d5 7. Bb5 Ne4 8. cxd4 Bb4+ 9. Nbd2 O-O 10. O-O Nxd2 11.
Bxd2 Bxd2 12. Qxd2 Ne7 13. Bd3 Bf5 14. Rac1 c6 15.
Rfe1 Qd7 16. h3 h6 17. b4 a6 18. a4 Rfe8 19. a5 Ng6 20. Kh2 Re7 21. Qc2 Bxd3 22. Qxd3 Rae8 23. g3 Nf8 24. Nh4 g6 25. f4 Nh7 26. f5 g5 27. f6 Nxf6 28. Nf5 Ne4 29.
Nxe7+ Rxe7 30. Rf1 Re6 31. Rc2 Qe7 32. Qf3 Kg7 33.
Qh5 f5 34. Rxf5 Qe8 35. Qxe8 Rxe8 36. Rc1 Re7 37. Rcf1 Nc3 38. Rf6 Nb5 39. e6 Nxd4 40. Rf7+ Rxf7 41. Rxf7+ Kg6 42. Rxb7 Nxe6 43. Rb6 Nd8 44.
Rxa6 Kf6 45. Rb6 d4 46. a6 d3 47. a7 d2 48. a8=Q d1=Q 49. Qa2 Qd6 50. Qf2+ Kg7 51. b5 h5 52. bxc6 h4 53. Rb3 Nxc6 54. Rf3 Ne5 55. Re3 Ng6 56. Kg2 hxg3 57. Rxg3 Nf4+ 58.
Kh2 Kf6 59. Kh1 Qd1+ 60. Rg1 Qd5+ 61. Kh2 Qe5 62. h4 gxh4 63. Rg4 Kf5 64. Rxh4 Qe2 65. Rxf4+ 1-0

[Event "*** Titled Tuesday Blitz"]
[Site "Chess.com"]
[Date "2019.12.03"]
[Round "3"]
[White "MasterLeif"]
[Black "Sajkochess"]
[Result "1-0"]
[WhiteElo "2447"]
[BlackElo "2244"]
[TimeControl "180+2"]
[EndTime "13:40:37 PST"]
[Termination "MasterLeif won on time"]

1. d4 Nf6 2. Bf4 e6 3. e3 c5 4. c3 b6 5. Qf3 Nc6 6. Nd2 Bb7 7. Qh3 d6 8. Ngf3 Qc7 9. Be2 e5 10. dxe5 dxe5 11. Bg3 Be7 12. Qf5 Bc8 13. Bxe5 Qb7 14.
Qc2 Nxe5 15. Nxe5 Qc7 16. Bb5+ Kf8 17. Ndf3 Bb7 18. O-O-O a6 19. Bc4 Be4 20. Qb3 b5 21.
Bxf7 c4 22. Bxc4 bxc4 23. Qxc4 Qxc4 24. Nxc4 Ng4 25. Rd7 Ke8 26. Rd4 Nxf2 27. Rf1 Nd3+ 28. Kd2 Nc5 29. b4 Bxf3 30. gxf3 Ne6 31. Rd5 Kf7 32.
Ne5+ Kf6 33. Ng4+ Kf7 34. Ke2 Rhd8 35. Rfd1 Rac8 36. Ne5+ Ke8 37. Rxd8+ Bxd8 38. c4 Bf6 39. Rd5 Ke7 40. c5 Nc7 41. Nc6+ Ke8 42. Rd1 Nb5 43. Nd4 Nc3+ 44. Kd2 Nxd1 45. Ne6 Ke7 46. Nf4 Nb2 47. Kc2 Nc4 48. Kd3 Ne5+ 49. Ke4 Kf7 50. Nd5 Nc6 51. a3 Re8+ 52. Kd3 Rd8 53. e4 Ne5+ 54. Ke2 Nc4 55. a4 Rb8 56. f4 Nb2 57. e5 Bd8 58. a5 Nc4 59. Kd3 Na3 60. Kc3 Nb5+ 61. Kd3 Nc7 62.
Nb6 Ne6 63. f5 Nf4+ 64. Ke4 Bxb6 65. axb6 Nh5 66. Kd5 Nf4+ 67. Kc6 Ke7 68. Kc7 Rd8 69. c6 Nd5+ 70. Kb7 Nxb4 71. c7 Re8 72. Ka7 1-0

[Event "*** Titled Tuesday Blitz"]
[Site "Chess.com"]
[Date "2019.12.03"]
[Round "3"]
[White "Dr-Bassem"]
[Black "Gentlejimmy7"]
[Result "0-1"]
[WhiteElo "2758"]
[BlackElo "2584"]
[TimeControl "180+2"]
[EndTime "13:40:39 PST"]
[Termination "Gentlejimmy7 won by resignation"]

1. e4 c5 2. Nf3 Nc6 3. g3 g6 4.
Bg2 Bg7 5. O-O Nf6 6. Re1 O-O 7. c3 a6 8. h3 b5 9. e5 Nd5 10. d4 d6 11. Ng5 e6 12. a4 Bb7 13. axb5 axb5 14.
Rxa8 Bxa8 15. Bxd5 exd5 16. e6 f6 17. e7 Nxe7 18.
Ne6 Qd7 19. Nxf8 Bxf8 20. Qg4 Qxg4 21. hxg4 Kf7 22. Na3 Bc6 23. Bf4 Nc8 24. b4 Bd7 25. g5 fxg5 26. Bxg5 Nb6 27. dxc5 dxc5 28. bxc5 Bxc5 29.
Be3 d4 30. Bxd4 Bxd4 31. cxd4 b4 32. Nb1 Bf5 33. Nd2 Nd5 34. Re5 Nc3 35. Kg2 Kf6 36. f3 g5 37. g4 Bc2 38. Rc5 Bd3 39. Kf2 Nd1+ 40. Ke1 Nc3 41. Rc6+ Kf7 42. Rc5 Kf6 43. Nb3 Bc2 44. Na5 Bd3 45. Kd2 Bg6 46. Rc4 Nd5 47.
Rc6+ Ke7 48. Rc5 Ke6 49. Nc4 b3 50. Rb5 h5 51. Rxb3 h4 52. Ne5 Be8 53. Ke2 Ba4 54. Rb8 Nf4+ 55. Kf2 Bc2 56. Rg8 Kf6 57. Nd7+ Ke6 58.
Nc5+ Kd5 59. Rxg5+ Kxd4 60. Nd7 Nh3+ 61. Kg2 Nxg5 62. f4 Be4+ 63. Kh2 Nf3+ 64. Kh3 Ke3 65. f5 Kf4 66. Nf6 Bd3 67. Nd5+ Kg5 68. Kg2 Ne5 69.
Ne3 Be2 70. Kh3 Bxg4+ 71. Nxg4 Nxg4 72. f6 Nxf6 73. Kh2 Kg4 0-1

[Event "*** Titled Tuesday Blitz"]
[Site "Chess.com"]
[Date "2019.12.03"]
[Round "3"]
[White "SONOFHOLYGOD"]
[Black "davigator"]
[Result "1-0"]
[WhiteElo "2510"]
[BlackElo "2304"]
[TimeControl "180+2"]
[EndTime "13:40:45 PST"]
[Termination "SONOFHOLYGOD won by resignation"]

1. d4 Nf6 2. c4 e6 3. Nf3 Bb4+ 4.
Bd2 a5 5. g3 b6 6. Bg2 Ba6 7. b3 O-O 8. O-O c6 9. Bg5 Be7 10. Nc3 d5 11. cxd5 cxd5 12. Rc1 h6 13. Bxf6 Bxf6 14. Re1 Ra7 15. e4 dxe4 16. Nxe4 Be7 17.
Ne5 Bb7 18. a4 Bd5 19. Nc4 Rd7 20. Ne5 Rc7 21. Nc4 Bb4 22. Rf1 Rd7 23. Ne5 Rc7 24. Rxc7 Qxc7 25. Qd3 Rd8 26. Rd1 Nc6 27. Qc2 Qb7 28.
Nc4 Qb8 29. Bf1 Rc8 30. Qe2 Rd8 31. Qc2 Qb7 32. Nc3 Bf3 33. Ne2 Ne7 34. Ne5 Be4 35. Qb2 Nf5 36. Nc4 h5 37. Nf4 h4 38.
d5 exd5 39. Nh5 f6 40. Nd2 Bxd2 41. Qxd2 Qf7 42. Nf4 g5 43. Ne2 Bf3 44. Rc1 d4 45. Nc3 Qe7 46. Bc4+ Kg7 47. Nb5 Bb7 48. Re1 Qd7 49. Bd3 Qc6 50. Be4 Qc8 51. Qd3 Re8 52. f3 hxg3 53. Nxd4 Nxd4 54. Qxd4 gxh2+ 55. Kxh2 Qc7+ 56.
Kg2 Rd8 57. Qe3 Qe5 58. Bxb7 Qxe3 59. Rxe3 Rd7 60. Ba6 Kg6 61. Bd3+ Kf7 62. Bc4+ Kg6 63. Re6 Rb7 64. Kg3 Kf5 65. Rc6 Ke5 66. Bb5 Rb8 67.
Rc7 f5 68. Re7+ Kf6 69. Rc7 Ke5 70. Re7+ Kf6 71. Re1 Rd8 72. Bc4 Rd2 73. Re6+ Kg7 74. Rxb6 Kh7 75. Rf6 f4+ 76. Kg4 Rg2+ 77. Kf5 Kg7 78.
Rf7+ Kh8 79. Kg6 1-0

[Event "*** Titled Tuesday Blitz"]
[Site "Chess.com"]
[Date "2019.12.03"]
[Round "3"]
[White "Nancy11111"]
[Black "Elshan1985"]
[Result "1/2-1/2"]
[WhiteElo "2364"]
[BlackElo "2724"]
[TimeControl "180+2"]
[EndTime "13:41:02 PST"]
[Termination "Game drawn by repetition"]

1. d4 Nf6 2. Nf3 e6 3. g3 b5 4. Bg2 Bb7 5. Nbd2 c5 6. e3 cxd4 7. exd4 Be7 8. O-O O-O 9. c3 d6 10. b3 Nbd7 11. Bb2 Rc8 12. Rc1 d5 13. Re1 a6 14.
Ne5 Nxe5 15. dxe5 Nd7 16. c4 bxc4 17. bxc4 Nc5 18. Nb3 dxc4 19. Nxc5 Bxg2 20. Kxg2 Bxc5 21.
Rxc4 Qa5 22. Qe2 Ba7 23. Rec1 Rxc4 24. Qxc4 Bxf2 25. Kxf2 Qd2+ 26. Qe2 Qd5 27. Rd1 Qxa2 28. Ra1 Qd5 29. Rxa6 Qh1 30. Ke3 h6 31. Bd4 Rd8 32.
Ra1 Qd5 33. Rd1 Qa5 34. Kf2 Rc8 35. Rd2 Qa4 36. Kg2 Rd8 37. Qe4 Rd5 38. Kf3 Qb3+ 39.
Rd3 Qa2 40. Be3 Qxh2 41. Rxd5 exd5 42. Qg4 Qh1+ 43. Kf2 h5 44. Qc8+ Kh7 45. Qc2+ Kg8 46. Qc8+ Kh7 47. Qf5+ Kg8 48. e6 Qh2+ 49. Kf1 Qh1+ 50.
Ke2 Qh2+ 51. Bf2 fxe6 52. Qxe6+ Kh7 53. Qxd5 Qh3 54. Qe4+ Kg8 55. Qe8+ Kh7 56. Qe4+ Kg8 57. Ke1 Qd7 58. Kf1 Qb5+ 59. Kg2 Qg5 60. Be3 Qb5 61. Qe6+ Kh7 62. Bf2 Qg5 63. Qe8 Qf5 64. Qe7 Qg4 65.
Qe5 h4 66. Qe3 hxg3 67. Bxg3 Qf5 68. Qe2 Kg6 69. Qe8+ Qf7 70. Qe2 Qd5+ 71. Kh2 Qh5+ 72. Qxh5+ Kxh5 73. Kg2 g5 74. Bb8 g4 75. Bg3 Kg6 76. Bf4 Kf5 77. Bg3 Ke4 78. Bh2 Kf5 79. Bg3 Kg6 80. Bh2 Kg5 81. Bg3 Kf5 82.
Bh2 Ke4 83. Bg3 Kf5 84. Bh2 Ke4 85. Bg3 Kf5 1/2-1/2

[Event "*** Titled Tuesday Blitz"]
[Site "Chess.com"]
[Date "2019.12.03"]
[Round "3"]
[White "BigAl"]
[Black "HarutyunianTigranK"]
[Result "0-1"]
[WhiteElo "2445"]
[BlackElo "2763"]
[TimeControl "180+2"]
[EndTime "13:41:07 PST"]
[Termination "HarutyunianTigranK won by resignation"]

1. e4 e5 2. Bc4 Bc5 3. d3 Nf6 4. Nf3 Nc6 5. c3 O-O 6. Bb3 h6 7. Nbd2 d6 8. h3 a6 9. g4 Be6 10. Nf1 Bxb3 11. axb3 d5 12. Qe2 dxe4 13. dxe4 Ne7 14.
g5 hxg5 15. Bxg5 Ng6 16. Rg1 Nf4 17. Bxf4 exf4 18. e5 Re8 19. Qc4 Qd5 20. Qxd5 Nxd5 21. O-O-O Rad8 22. Rg2 Ne7 23. N1d2 Ng6 24. Rdg1 Bf8 25.
Ne4 Re6 26. Kc2 Nxe5 27. Nxe5 Rxe5 28. Nf6+ Kh8 29. Rg4 g6 30. Rh4+ Kg7 31. Nh5+ Kg8 32. Nf6+ Kg7 33. Nh5+ Rxh5 34. Rxh5 Re8 35. Rd5 Bd6 36. Kd3 Rh8 37. Rh1 f5 38. Ra5 Kf6 39. Raa1 g5 40. f3 Bc5 41. Rae1 Rd8+ 42. Kc2 b6 43.
Rd1 Rh8 44. b4 Bd6 45. Rde1 Rh7 46. Kd3 Rd7 47. Kc2 Rg7 48. Kd3 Rh7 49. Kc4 Rd7 50.
Rd1 Rh7 51. Kd5 Be5 52. Kc6 Re7 53. Kb7 a5 54. bxa5 bxa5 55. Kc6 a4 56. Rhe1 Re6+ 57. Kc5 Rb6 58. Re2 a3 59. bxa3 Bd6+ 60. Kc4 Bxa3 61.
Rd5 Bd6 62. Re8 Rb1 63. Rh8 Rf1 64. Rh6+ Kg7 65. Rh5 Kg6 66. Rh8 Rxf3 67. Rf8 Rxh3 68. Rfxf5 Rg3 69. Kd4 Kh5 70. c4 f3 71. c5 Be7 72.
Ke4 Kg4 73. Rfe5 Rg1 74. Kd3 Bf6 75. Re4+ Kg3 76. Rf5 Bd8 77. Re8 f2 78. Ke2 Re1+ 79.
Kd2 Rxe8 0-1

[Event "*** Titled Tuesday Blitz"]
[Site "Chess.com"]
[Date "2019.12.03"]
[Round "3"]
[White "FrenchMonster2002"]
[Black "Kostya_Nikologorskiy"]
[Result "0-1"]
[WhiteElo "2391"]
[BlackElo "2648"]
[TimeControl "180+2"]
[EndTime "13:41:25 PST"]
[Termination "Kostya_Nikologorskiy won by resignation"]

1. d4 Nf6 2. Bf4 g6 3. Nc3 Bg7 4. e4 d6 5. Qd2 Nbd7 6. Nf3 c5 7.
d5 O-O 8. Bh6 Ne5 9. Nxe5 dxe5 10. Bxg7 Kxg7 11. O-O-O a6 12. f4 Qd6 13. g3 b5 14. fxe5 Qxe5 15. Qf4 Nd7 16. Bh3 b4 17. Bxd7 Qxf4+ 18. gxf4 Bxd7 19. Nb1 Bg4 20. Rde1 e5 21.
fxe5 Rfe8 22. Nd2 Rxe5 23. Nc4 Re7 24. d6 Re6 25. e5 Bf3 26. Rhf1 Bc6 27. Kd2 a5 28. b3 a4 29. Rf2 Ra7 30. Ref1 Bb5 31. Re1 Kf8 32. Nb6 axb3 33. axb3 Ke8 34. Nd5 f5 35. Nc7+ Rxc7 36. dxc7 Rc6 37. Ke3 Rxc7 38. Rd2 g5 39. h4 f4+ 40. Ke4 h6 41. hxg5 hxg5 42.
Kf5 f3 43. Kxg5 Rf7 44. e6 Rg7+ 45. Kf6 Rh7 46. Rf2 Rh6+ 47. Kg5 Rh3 48. Re3 Be2 49.
Kg4 Rh6 50. Kg5 Rh1 51. Kf5 Ke7 52. Ke5 Rh5+ 53. Ke4 Kxe6 54. Kf4+ Kd5 55. Kg4 Rh1 56. Kf4 Kd4 57. Re4+ Kc3 58. Re5 Kxc2 59. Rxc5+ Kxb3 60. Ke3 Rd1 61. Rh2 Rd3+ 62. Kf2 Rd2 63. Ke3 Rc2 64. Rd5 Rc3+ 65. Kf2 Kc2 66. Rh4 b3 67.
Rhd4 b2 68. Rd2+ Kc1 69. Rxb2 Kxb2 70. Ke1 Kb3 71. Rd8 Rd3 72. Rf8 Rd5 73. Re8 Kc3 74. Re3+ Kd4 75. Re8 Re5 76. Rd8+ Ke3 77. Rf8 Bd3 78.
Rf6 Rb5 79. Re6+ Be4 80. Rd6 Rb1+ 81. Rd1 f2+ 0-1

[Event "*** Titled Tuesday Blitz"]
[Site "Chess.com"]
[Date "2019.12.03"]
[Round "3"]
[White "becemix"]
[Black "HiHaruka"]
[Result "0-1"]
[WhiteElo "2489"]
[BlackElo "2297"]
[TimeControl "180+2"]
[EndTime "13:42:05 PST"]
[Termination "HiHaruka won on time"]

1. e4 Nf6 2. e5 Nd5 3. c4 Nb6 4. d4 d6 5. exd6 exd6 6. Nc3 Nc6 7. Be3 Be7 8. Bd3 Bf6 9. Nge2 O-O 10. O-O Nb4 11.
b3 Nxd3 12. Qxd3 Bg4 13. f3 Bh5 14. Nf4 Bg6 15. Nxg6 hxg6 16. d5 Nd7 17. Rae1 Ne5 18. Qc2 Qd7 19. Ne4 Bh4 20. Re2 Qf5 21. Bf2 Bxf2+ 22. Nxf2 Rfe8 23. Qxf5 gxf5 24. Rfe1 Kf8 25. f4 Nd7 26. Nd3 Nf6 27. Nf2 Rxe2 28. Rxe2 a5 29.
a4 Ra6 30. Re3 c6 31. dxc6 bxc6 32. Kf1 Rb6 33. Rc3 c5 34. Ke2 Ke7 35. Kf3 Kd7 36.
h3 Rb8 37. g4 fxg4+ 38. hxg4 Re8 39. g5 Ng8 40. Ne4 Ne7 41. Rd3 Nf5 42. Nxc5+ Kc6 43. Ne4 Nh4+ 44. Ke3 Ng2+ 45. Kf3 Ne1+ 46. Ke3 Nxd3 47.
Kxd3 Rh8 48. Nf2 Rb8 49. Kc3 Rh8 50. b4 axb4+ 51. Kxb4 Rh4 52. Nd3 Rh3 53. Kc3 Rh1 54. a5 Ra1 55. a6 Kb6 56. Nb4 Ra3+ 57. Kd4 Ra4 58. Nd5+ Kxa6 59. Nc7+ Kb7 60. Ne8 Kc6 61. Nxg7 d5 62. Nf5 Rxc4+ 63. Ke3 Re4+ 64. Kf3 Kd7 65. Ne3 Rd4 66. Ng4 Ra4 67. Ne5+ Ke6 68. Kg4 d4 69.
Kf3 Kf5 70. Nxf7 Ra3+ 71. Ke2 Kxf4 72. g6 Rg3 73. Kd2 Rxg6 74. Kd3 Rg7 75. Nd8 Rd7 76.
Nc6 Kf5 77. Nxd4+ Ke5 0-1

[Event "*** Titled Tuesday Blitz"]
[Site "Chess.com"]
[Date "2019.12.03"]
[Round "3"]
[White "laboratorio25"]
[Black "rogapa"]
[Result "1/2-1/2"]
[WhiteElo "2433"]
[BlackElo "2708"]
[TimeControl "180+2"]
[EndTime "13:42:06 PST"]
[Termination "Game drawn - insufficient material"]

1. e4 c5 2. Nf3 d6 3. d4 cxd4 4.
Nxd4 Nf6 5. Nc3 a6 6. Be3 e6 7. f3 b5 8. Qd2 Nbd7 9. g4 h6 10.
h4 Nb6 11. O-O-O Nfd7 12. Qf2 Bb7 13. Kb1 Rc8 14. Nce2 Nc4 15. Bc1 Be7 16. b3 Nce5 17. Bb2 Qc7 18. Nf4 Bf6 19. Bd3 Qc5 20. g5 hxg5 21. hxg5 Rxh1 22. Rxh1 Bxg5 23. Qg3 Bf6 24. Nh5 Nxd3 25. Nxf6+ Nxf6 26. cxd3 Ke7 27. Qxg7 Rg8 28.
Nf5+ Qxf5 29. Qxg8 Qxf3 30. Bxf6+ Kxf6 31. Qh8+ Ke7 32. Qh3 Qe2 33. Qf1 Qd2 34. Qd1 Qg2 35. Rg1 Qh3 36. Rf1 d5 37. e5 d4 38. Qc2 Ke8 39.
Rf2 Qh5 40. Qe2 Qg6 41. Kb2 Bd5 42. Qc2 Kf8 43. Qc8+ Kg7 44. Qxa6 Qxd3 45. Qa5 Qe3 46. Qd2 Qxe5 47. Rf4 Qe3 48. Rxd4 Qxd2+ 49. Rxd2 Kf6 50.
Kc3 Ke5 51. Kb4 f5 52. Kxb5 f4 53. b4 f3 54. a4 Kf4 55. a5 Ke3 56. Rd1 f2 57. Kc5 Bf3 58. Ra1 Ke2 59. a6 e5 60.
a7 Ba8 61. Kd6 e4 62. Kc7 f1=Q 63. Rxf1 Kxf1 64. Kb8 Bd5 65. b5 e3 66. b6 e2 67.
b7 e1=Q 68. a8=Q Qe8+ 69. Kc7 Qc6+ 70. Kb8 Qd6+ 71. Ka7 Qc5+ 72. Kb8 Kg2 73. Qa6 Qf8+ 74. Ka7 Qc5+ 75. Qb6 Qa3+ 76. Qa6 Qe7 77. Qb6 Bf3 78. Qb2+ Kg3 79. Qb6 Kf4 80. Qb5 Be4 81. Qb6 Ke5 82.
Qb2+ Kf5 83. Qb5+ Kg6 84. Qb6+ Kf7 85. Qb3+ Kf8 86. Qb6 Bd5 87. Qb4 Qxb4 88. b8=Q+ Qxb8+ 89. Kxb8 1/2-1/2